[ AOE2 MATCH · #493884091 ]
UnrankedSicilians vs Bulgarians
Player's team · WIN
Rival team · LOSS
[ REPLAY ANALYSIS · EXTRACTED FROM THE RECORDED GAME ]
Feudal
26:36
Castle
34:34
Imperial
—
| APM avg | 26.4 |
| APM peak | 60 |
| eAPM avg | 17.0 |
| Villagers / military | 147 / 5 |
Focus
⚔️ 33.9% · 🌾 66.1%
Fishing Ship ×29 · Serjeant ×3 · Unknown (2626) ×2 · Monk ×1 · Fire Galley ×1
Feudal
25:27
Castle
35:38
Imperial
—
| APM avg | 34.8 |
| APM peak | 83 |
| eAPM avg | 20.8 |
| Villagers / military | 77 / 7 |
Focus
⚔️ 23.6% · 🌾 76.4%
Fishing Ship ×7 · Konnik ×4 · Battering Ram ×2 · Monk ×1
Match map
Initial resources + every placement click. Lines = walls · curves = elevation contours. ◆ gold · ⬟ stone · ● berries · ✦ relic · ◌ wall gap
Your base· Open — 6t gap
Snowden's base· Open — 12t gap
Smoothed initial terrain · ◌ = detected wall gap · hover for details
Inputs per minute
— Cristoram - - Snowden
Build order — Cristoram
First 150 of 248 actions detected
| 0:09 | Build | Town Center |
| 0:38 | Build | House |
| 1:11 | Build | Dock |
| 2:20 | Create | Villager (Male) ×4 |
| 2:21 | Create | Villager (Male) ×4 |
| 2:21 | Create | Villager (Male) ×4 |
| 3:16 | Create | Fishing Ship |
| 3:17 | Create | Fishing Ship |
| 3:17 | Create | Fishing Ship |
| 3:44 | Create | Villager (Male) |
| 4:08 | Build | House |
| 4:25 | Create | Villager (Male) |
| 4:26 | Create | Villager (Male) |
| 4:26 | Create | Villager (Male) |
| 4:52 | Create | Villager (Male) |
| 4:52 | Create | Villager (Male) |
| 5:11 | Create | Villager (Male) |
| 5:11 | Create | Villager (Male) |
| 5:18 | Create | Fishing Ship |
| 5:29 | Build | House |
| 5:43 | Create | Villager (Male) |
| 5:43 | Create | Villager (Male) |
| 5:43 | Create | Villager (Male) |
| 6:05 | Create | Fishing Ship |
| 6:09 | Create | Villager (Male) |
| 6:09 | Create | Villager (Male) |
| 6:35 | Create | Villager (Male) |
| 6:35 | Create | Villager (Male) |
| 6:50 | Build | House |
| 7:16 | Create | Villager (Male) |
| 7:16 | Create | Villager (Male) |
| 7:37 | Create | Villager (Male) |
| 7:38 | Create | Villager (Male) |
| 7:38 | Create | Villager (Male) |
| 8:08 | Create | Villager (Male) |
| 8:42 | Build | Town Center |
| 9:13 | Create | Villager (Male) |
| 9:13 | Create | Villager (Male) |
| 9:13 | Create | Villager (Male) |
| 9:28 | Create | Fishing Ship |
| 9:32 | Create | Villager (Male) |
| 9:38 | Build | House |
| 9:40 | Create | Villager (Male) |
| 9:52 | Research | Loom |
| 10:06 | Create | Villager (Male) |
| 10:29 | Create | Villager (Male) |
| 10:30 | Create | Villager (Male) |
| 10:46 | Build | Lumber Camp |
| 10:52 | Create | Villager (Male) |
| 11:09 | Create | Villager (Male) |
| 11:16 | Build | Lumber Camp |
| 11:35 | Create | Villager (Male) |
| 12:04 | Create | Villager (Male) |
| 12:22 | Create | Villager (Male) |
| 13:00 | Create | Villager (Male) |
| 13:12 | Build | House |
| 13:40 | Create | Villager (Male) |
| 13:41 | Create | Villager (Male) |
| 14:29 | Create | Villager (Male) |
| 14:29 | Create | Villager (Male) |
| 14:54 | Build | House |
| 15:19 | Create | Villager (Male) |
| 15:19 | Create | Villager (Male) |
| 15:21 | Create | Fishing Ship |
| 15:52 | Create | Fishing Ship |
| 16:02 | Create | Villager (Male) |
| 16:03 | Create | Villager (Male) |
| 16:27 | Create | Villager (Male) |
| 16:27 | Create | Villager (Male) |
| 16:34 | Build | House |
| 16:47 | Create | Fishing Ship |
| 16:58 | Create | Villager (Male) |
| 16:59 | Create | Villager (Male) |
| 17:31 | Create | Fishing Ship |
| 17:34 | Build | House |
| 17:48 | Create | Villager (Male) |
| 17:48 | Create | Villager (Male) |
| 17:59 | Create | Villager (Male) |
| 18:26 | Build | Lumber Camp |
| 18:31 | Create | Villager (Male) |
| 19:26 | Create | Villager (Male) |
| 19:27 | Create | Fishing Ship |
| 19:29 | Create | Villager (Male) |
| 19:32 | Build | House |
| 19:39 | Build | Palisade Wall |
| 19:40 | Build | Palisade Wall |
| 19:50 | Build | Palisade Wall |
| 19:54 | Create | Villager (Male) |
| 20:05 | Create | Villager (Male) |
| 20:05 | Create | Villager (Male) |
| 20:13 | Create | Fishing Ship |
| 20:17 | Create | Villager (Male) |
| 20:48 | Create | Villager (Male) |
| 20:49 | Create | Fishing Ship |
| 21:11 | Create | Villager (Male) |
| 21:13 | Build | House |
| 21:22 | Create | Villager (Male) |
| 21:38 | Create | Villager (Male) |
| 21:47 | Build | Mill |
| 22:08 | Build | Lumber Camp |
| 22:11 | Build | House |
| 22:12 | Create | Villager (Male) |
| 22:15 | Build | Dock |
| 22:36 | Create | Villager (Male) |
| 22:46 | Build | Palisade Wall |
| 22:48 | Build | Palisade Wall |
| 22:49 | Build | Palisade Wall |
| 22:54 | Create | Villager (Male) |
| 23:17 | Create | Villager (Male) |
| 23:20 | Create | Fishing Ship |
| 23:24 | Create | Fishing Ship |
| 23:26 | Create | Villager (Male) |
| 23:36 | Create | Villager (Male) |
| 23:45 | Create | Villager (Male) |
| 23:55 | Create | Villager (Male) |
| 24:08 | Create | Villager (Male) |
| 24:15 | Create | Fishing Ship |
| 24:15 | Create | Fishing Ship |
| 24:26 | Research | Feudal Age |
| 24:30 | Build | House |
| 25:04 | Create | Villager (Male) |
| 25:22 | Build | Mining Camp |
| 25:33 | Create | Villager (Male) |
| 25:45 | Create | Villager (Male) |
| 26:36 | Age | Feudal Age |
| 26:53 | Build | Donjon |
| 26:57 | Build | Blacksmith |
| 27:02 | Create | Villager (Male) |
| 27:04 | Research | Double-Bit Axe |
| 27:14 | Create | Villager (Male) |
| 27:38 | Research | Fletching |
| 27:46 | Create | Villager (Male) |
| 28:01 | Build | Mining Camp |
| 28:04 | Create | Villager (Male) |
| 28:13 | Build | House |
| 28:35 | Build | Donjon |
| 28:40 | Create | Villager (Male) |
| 28:47 | Create | Villager (Male) |
| 29:00 | Create | Villager (Male) |
| 29:11 | Create | Villager (Male) |
| 29:30 | Create | Villager (Male) |
| 29:56 | Create | Villager (Male) |
| 30:07 | Create | Villager (Male) |
| 30:18 | Build | Dock |
| 30:19 | Create | Villager (Male) |
| 30:24 | Create | Villager (Male) |
| 30:35 | Create | Villager (Male) |
| 30:49 | Create | Villager (Male) |
| 31:10 | Build | Market |
| 31:17 | Create | Villager (Male) |
Build order — Snowden
143 actions detected in the replay
| 0:08 | Build | Town Center |
| 1:28 | Build | Dock |
| 2:27 | Build | House |
| 2:28 | Create | Villager (Male) |
| 2:28 | Create | Villager (Male) |
| 2:37 | Create | Villager (Male) |
| 2:37 | Create | Villager (Male) |
| 3:51 | Create | Fishing Ship |
| 3:51 | Create | Fishing Ship |
| 4:12 | Create | Villager (Male) |
| 4:19 | Build | House |
| 4:39 | Research | Loom |
| 5:04 | Create | Villager (Male) |
| 5:04 | Create | Villager (Male) |
| 5:06 | Create | Fishing Ship |
| 5:23 | Create | Villager (Male) |
| 5:23 | Create | Villager (Male) |
| 5:50 | Create | Villager (Male) |
| 5:50 | Create | Villager (Male) |
| 6:06 | Create | Fishing Ship |
| 6:14 | Build | House |
| 6:23 | Create | Villager (Male) |
| 6:43 | Create | Villager (Male) |
| 6:43 | Create | Villager (Male) |
| 6:49 | Build | House |
| 7:09 | Create | Villager (Male) |
| 7:14 | Create | Fishing Ship |
| 7:14 | Create | Fishing Ship |
| 7:23 | Create | Villager (Male) |
| 7:45 | Create | Villager (Male) |
| 7:45 | Create | Villager (Male) |
| 7:49 | Create | Fishing Ship |
| 8:16 | Create | Villager (Male) |
| 8:25 | Build | Mill |
| 8:47 | Create | Villager (Male) |
| 9:01 | Create | Villager (Male) |
| 9:28 | Create | Villager (Male) |
| 9:50 | Create | Villager (Male) |
| 10:14 | Build | House |
| 10:14 | Build | House |
| 10:53 | Create | Villager (Male) |
| 11:37 | Create | Villager (Male) |
| 11:57 | Create | Villager (Male) |
| 12:22 | Create | Villager (Male) |
| 12:36 | Create | Villager (Male) |
| 12:59 | Create | Villager (Male) |
| 13:38 | Create | Villager (Male) |
| 14:08 | Create | Villager (Male) |
| 14:12 | Build | House |
| 14:37 | Create | Villager (Male) |
| 15:12 | Create | Villager (Male) |
| 15:38 | Create | Villager (Male) |
| 15:42 | Create | Villager (Male) |
| 16:14 | Create | Villager (Male) |
| 16:41 | Create | Villager (Male) |
| 17:00 | Create | Villager (Male) |
| 17:06 | Build | House |
| 17:33 | Create | Villager (Male) |
| 18:00 | Create | Villager (Male) |
| 18:27 | Create | Villager (Male) |
| 18:42 | Create | Villager (Male) |
| 19:17 | Create | Villager (Male) |
| 19:37 | Create | Villager (Male) |
| 19:49 | Create | Villager (Male) |
| 20:08 | Create | Villager (Male) |
| 21:04 | Build | Lumber Camp |
| 21:14 | Build | Lumber Camp |
| 21:38 | Build | House |
| 21:40 | Build | House |
| 22:13 | Build | Mill |
| 22:20 | Build | Mill |
| 22:24 | Build | Mill |
| 23:17 | Research | Feudal Age |
| 23:17 | Research | Feudal Age |
| 23:43 | Build | Mining Camp |
| 24:07 | Create | Villager (Male) |
| 24:40 | Create | Villager (Male) |
| 24:51 | Create | Villager (Male) |
| 25:27 | Age | Feudal Age |
| 25:28 | Research | Double-Bit Axe |
| 25:32 | Build | Watch Tower |
| 26:00 | Build | House |
| 26:03 | Build | House |
| 27:29 | Create | Villager (Male) |
| 27:40 | Build | Watch Tower |
| 27:51 | Build | Watch Tower |
| 27:54 | Create | Villager (Male) |
| 28:14 | Build | House |
| 28:26 | Build | Blacksmith |
| 29:08 | Research | Fletching |
| 29:09 | Research | Fletching |
| 29:30 | Create | Villager (Male) |
| 29:46 | Create | Villager (Male) |
| 29:46 | Create | Villager (Male) |
| 31:06 | Build | Market |
| 32:14 | Build | Mining Camp |
| 32:58 | Research | Castle Age |
| 34:31 | Create | Villager (Male) |
| 34:31 | Create | Villager (Male) |
| 35:38 | Age | Castle Age |
| 35:42 | Build | Castle |
| 36:47 | Build | Lumber Camp |
| 36:57 | Create | Konnik |
| 37:18 | Create | Konnik |
| 38:36 | Create | Konnik |
| 38:56 | Build | Town Center |
| 39:16 | Create | Konnik |
| 39:37 | Build | Siege Workshop |
| 39:47 | Build | Monastery |
| 40:03 | Create | Villager (Male) |
| 40:21 | Create | Villager (Male) |
| 40:21 | Create | Villager (Male) |
| 40:28 | Build | Mill |
| 40:48 | Create | Battering Ram |
| 40:54 | Build | House |
| 41:27 | Build | Mill |
| 42:18 | Create | Villager (Male) |
| 42:21 | Create | Villager (Male) |
| 42:28 | Build | Town Center |
| 42:31 | Create | Villager (Male) |
| 42:31 | Create | Villager (Male) |
| 42:33 | Build | Farm |
| 42:35 | Create | Monk |
| 42:47 | Build | Farm |
| 43:16 | Build | Farm |
| 43:18 | Build | Farm |
| 43:19 | Build | Farm |
| 43:26 | Create | Villager (Male) |
| 43:26 | Create | Villager (Male) |
| 43:30 | Create | Villager (Male) |
| 43:54 | Create | Battering Ram |
| 43:59 | Create | Villager (Male) |
| 43:59 | Create | Villager (Male) |
| 44:17 | Create | Villager (Male) |
| 44:18 | Create | Villager (Male) |
| 44:45 | Create | Villager (Male) |
| 44:50 | Build | Farm |
| 45:08 | Create | Villager (Male) |
| 45:08 | Create | Villager (Male) |
| 45:08 | Create | Villager (Male) |
| 45:12 | Create | Villager (Male) |
| 45:24 | Create | Villager (Male) |
| 45:24 | Create | Villager (Male) |
Match timeline
| 1:11 | Cristoram · first_building Dock |
| 1:28 | Snowden · first_building Dock |
| 19:39 | Cristoram · wall_segment Palisade Wall x1 |
| 19:40 | Cristoram · wall_segment Palisade Wall x1 |
| 19:50 | Cristoram · wall_segment Palisade Wall x1 |
| 22:46 | Cristoram · wall_segment Palisade Wall x1 |
| 22:48 | Cristoram · wall_segment Palisade Wall x1 |
| 22:49 | Cristoram · wall_segment Palisade Wall x1 |
| 25:27 | Snowden · age_up feudal |
| 26:36 | Cristoram · age_up feudal |
| 26:53 | Cristoram · first_building Donjon |
| 31:47 | Cristoram · first_market_sell 100 food |
| 31:54 | Snowden · first_market_sell 100 wood |
| 31:57 | Snowden · first_market_buy 100 food |
| 34:20 | Cristoram · wall_segment Stone Wall x1 |
| 34:21 | Cristoram · wall_segment Stone Wall x1 |
| 34:26 | Cristoram · wall_segment Stone Wall x1 |
| 34:29 | Cristoram · wall_segment Stone Wall x1 |
| 34:34 | Cristoram · age_up castle |
| 35:26 | Cristoram · first_market_buy 100 stone |
| 35:38 | Snowden · age_up castle |
| 35:42 | Snowden · first_building Castle |
| 37:32 | Cristoram · first_building Monastery |
| 39:37 | Snowden · first_building Siege Workshop |
| 39:47 | Snowden · first_building Monastery |
| 41:20 | Cristoram · first_building Castle |
| 41:25 | Cristoram · wall_segment Stone Wall x1 |
| 46:11 | Snowden · resign |
[ AI ANALYSIS · 1 CREDIT ]
What really happened in this match?
Wolo.gg analyzes every decision: build order, eco, micro, common mistakes by bracket. Personalized analysis on WhatsApp or Discord in 30 seconds.
Civ guide
Sicilians
Perfil
Cristoram